[Event "December 19 Early 2023"]
[Site "https://www.chess.com"]
[Date "2023.12.19"]
[Round "5"]
[White "Klimkowski, Jan"]
[Black "Manukyan, Sargis A."]
[Result "1-0"]
[Board "48"]
[TimeControl "180+1"]
[WhiteFideId "21856222"]
[BlackFideId "13303970"]
[WhiteElo "2324"]
[BlackElo "2186"]
[WhiteTeam "POL"]
[BlackTeam "ARM"]
[WhiteClock "0:00:18"]
[BlackClock "0:00:04"]

1. d4 d5 2. Nf3 Nf6 3. g3 e6 4. Bg2 Be7 5. O-O O-O 6. c4 dxc4 7. Qc2 a6 8. a4 c5 9. dxc5 Bxc5 10. Qxc4 Nbd7 11. Nc3 b5 12. Qb3 Bb7 13. axb5 axb5 14. Rxa8 Qxa8 15. Qxb5 Bc6 16. Qd3 Rd8 17. Qc2 Rc8 18. Nh4 Bxg2 19. Nxg2 Nd5 20. Nf4 N7b6 21. Nfxd5 Nxd5 22. Qd3 Nb4 23. Qb5 h6 24. Na4 Bf8 25. Nc3 Bc5 26. Bf4 Nd5 27. Be5 f6 28. Qd7 Re8 29. Nxd5 exd5 30. Bf4 Rxe2 31. b4 Bxb4 32. Rc1 Re8 33. Rc7 Bf8 34. Rb7 Re7 35. Qxd5+ Kh8 36. Rb5 Qxd5 37. Rxd5 Re8 38. Rd7 Kh7 39. h4 Re7 40. Rd8 Rf7 41. h5 g6 42. hxg6+ Kxg6 43. Kg2 h5 44. Kf3 Bg7 45. Rd5 Bh6 46. Bb8 Rb7 47. Rd8 Bg7 48. Rc8 Rb3+ 49. Ke4 Rb7 50. Bd6 Rd7 51. Bc5 f5+ 52. Kf3 Bf6 53. Rc6 Kf7 54. Kf4 Rd5 55. Be3 Kg6 56. Ra6 Kf7 57. Bc1 h4 58. g4 fxg4 59. Kxg4 Rd4+ 60. Kh3 Rc4 61. Be3 Kg6 62. Rb6 Kf5 63. Rb5+ Kg6 64. Kg2 Kf7 65. f4 Rc2+ 66. Kf3 h3 67. Rb7+ Kg6 68. Rb1 h2 69. Rh1 Bh4 70. Kg4 Bf2 71. Rxh2 Rc3 72. Bxf2 Rc4 73. Bh4 Rc8 74. Bg5 Rg8 75. Rh6+ Kg7 76. Kf5 Ra8 77. Rg6+ Kh7 78. Re6 Rf8+ 79. Kg4 Ra8 80. Re7+ Kg8 81. f5 Ra6 82. Rc7 Rb6 83. f6 Kf8 84. Kf5 Kg8 85. Kg6 Rb8 86. f7+ Kh8 87. Bf6# 1-0

[Event "December 19 Early 2023"]
[Site "https://www.chess.com"]
[Date "2023.12.19"]
[Round "5"]
[White "Dragun, Kamil"]
[Black "Shubenkova, Veronika"]
[Result "1-0"]
[Board "49"]
[TimeControl "180+1"]
[WhiteFideId "1134167"]
[BlackFideId "44124040"]
[WhiteElo "2551"]
[BlackElo "1967"]
[WhiteTeam "POL"]
[BlackTeam "RUS"]
[WhiteClock "0:00:26"]
[BlackClock "0:00:47"]

1. d4 d5 2. c4 e6 3. Nc3 f5 4. Nf3 Nf6 5. Bf4 c6 6. e3 Bd6 7. Bxd6 Qxd6 8. c5 Qe7 9. Ne5 Nbd7 10. f4 Nxe5 11. fxe5 Ne4 12. Nxe4 fxe4 13. Qh5+ g6 14. Qh6 Bd7 15. Be2 Rf8 16. Rf1 Rxf1+ 17. Kxf1 O-O-O 18. Kg1 Rf8 19. Rf1 Rxf1+ 20. Bxf1 Qf7 21. Be2 Kc7 22. b4 a6 23. a4 Be8 24. h4 Kb8 25. g4 Kc7 26. Kg2 Kb8 27. Kg3 Kc7 28. Qg5 Qf8 29. Qf6 Qf7 30. g5 Kc8 31. Bg4 Kd7 32. Kf4 Qe7 33. Be2 Kd8 34. Kg3 Bd7 35. h5 Be8 36. h6 Bd7 37. Bg4 Bc8 38. Bh5 Bd7 39. Bxg6 Qxf6 40. exf6 e5 41. dxe5 1-0

[Event "December 19 Early 2023"]
[Site "https://www.chess.com"]
[Date "2023.12.19"]
[Round "5"]
[White "Smolka, Marcin"]
[Black "Suyarov, Mukhammadzokhid"]
[Result "0-1"]
[Board "50"]
[TimeControl "180+1"]
[WhiteFideId "1139681"]
[BlackFideId "14210495"]
[WhiteElo "2117"]
[BlackElo "2449"]
[WhiteTeam "POL"]
[BlackTeam "UZB"]
[WhiteClock "0:00:45"]
[BlackClock "0:02:10"]

1. e4 e5 2. Nf3 Nc6 3. Bc4 Bc5 4. b4 Bxb4 5. c3 Ba5 6. d4 exd4 7. O-O Nf6 8. e5 d5 9. exf6 dxc4 10. fxg7 Rg8 11. cxd4 Be6 12. Bg5 Qd5 13. Na3 Rxg7 14. Bf6 Rg8 15. Rc1 Bh3 16. Re1+ Bxe1 17. Qxe1+ Kd7 0-1

[Event "December 19 Early 2023"]
[Site "https://www.chess.com"]
[Date "2023.12.19"]
[Round "5"]
[White "Kozak, Antoni"]
[Black "Parpiev, Isaak"]
[Result "0-1"]
[Board "51"]
[TimeControl "180+1"]
[WhiteFideId "21832030"]
[BlackFideId "34281576"]
[WhiteElo "2470"]
[BlackElo "2183"]
[WhiteTeam "POL"]
[BlackTeam "RUS"]
[WhiteClock "0:00:00"]
[BlackClock "0:00:16"]

1. d4 d5 2. Nf3 Nf6 3. c3 Bf5 4. Bg5 Nbd7 5. e3 h6 6. Bh4 e6 7. Qb3 Qc8 8. c4 c6 9. Nc3 Be7 10. Rc1 O-O 11. Be2 dxc4 12. Bxc4 b5 13. Be2 Qb7 14. O-O a5 15. Ne5 a4 16. Qd1 Nxe5 17. dxe5 Nd5 18. Bxe7 Nxe7 19. e4 Rfd8 20. Qc2 Bg6 21. f4 Qa7+ 22. Kh1 b4 23. Nd1 a3 24. bxa3 Qxa3 25. f5 exf5 26. exf5 Nxf5 27. Qxc6 Nd4 28. Qc7 Nxe2 29. Rc6 Qa7 30. e6 Qxc7 31. Rxc7 fxe6 32. Ne3 Rxa2 33. Re1 Nf4 34. Rb7 Nd3 35. Rf1 Rf8 36. Rxf8+ Kxf8 37. h4 Be4 38. Rb6 Kf7 39. h5 Kf6 40. Kh2 Bxg2 41. Kg3 Be4 42. Ng4+ Kg5 43. Rb5+ Bf5 44. Ne3 Re2 45. Ng2 Rb2 46. Ne3 b3 47. Nc4 Rb1 48. Nd6 b2 49. Kh2 Re1 50. Ne4+ Rxe4 51. Rb3 Re2+ 52. Kg3 Re1 0-1

[Event "December 19 Early 2023"]
[Site "https://www.chess.com"]
[Date "2023.12.19"]
[Round "5"]
[White "Stepanencu, Nicodim-Cosmin"]
[Black "IM_ArthurDW08"]
[Result "1/2-1/2"]
[Board "52"]
[TimeControl "180+1"]
[WhiteFideId "1256220"]
[WhiteElo "2154"]
[BlackElo "2766"]
[WhiteTeam "ROU"]
[WhiteClock "0:00:03"]
[BlackClock "0:00:08"]

1. e4 e5 2. Bc4 Nf6 3. d3 c6 4. Bb3 d5 5. Nf3 Bb4+ 6. c3 Bd6 7. Bg5 dxe4 8. dxe4 h6 9. Bh4 O-O 10. O-O Na6 11. Nbd2 Nc5 12. Bc2 Bg4 13. Qe1 g5 14. Bg3 Qc7 15. h4 Nh7 16. hxg5 hxg5 17. Qe3 Ne6 18. Nc4 Bc5 19. Bxe5 Bxe3 20. Bxc7 Bxf2+ 21. Rxf2 Nxc7 22. Nd6 Kg7 23. e5 Ne6 24. Nh2 Bh5 25. Nf5+ Kh8 26. Nd6 Bg6 27. Raf1 Bxc2 28. Rxc2 f6 29. Ng4 fxe5 30. Rxf8+ Nhxf8 31. Nxe5 Rb8 32. Rf2 c5 33. Rf7 Rd8 34. Ne4 Rd1+ 35. Kf2 Rb1 36. b3 Rb2+ 37. Kg3 Rxa2 38. Nf6 Nf4 39. Rxf8+ Kg7 40. Ned7 Rxg2+ 41. Kf3 Rc2 42. Rg8+ Kf7 43. Rxg5 Ne6 44. Rh5 Rxc3+ 45. Ke2 Nf4+ 46. Kd2 Rd3+ 47. Kc2 Rxd7 48. Rh7+ Kxf6 49. Rxd7 b5 50. Rxa7 Ne6 51. Rb7 Ke5 52. Kd3 c4+ 53. bxc4 bxc4+ 54. Kxc4 Nf4 55. Rb5+ Ke4 56. Rb4 Ke5 57. Kc3 Nd5+ 58. Kb3 Nxb4 1/2-1/2

[Event "December 19 Early 2023"]
[Site "https://www.chess.com"]
[Date "2023.12.19"]
[Round "5"]
[White "Han, Yichen"]
[Black "Postny, Evgeny"]
[Result "0-1"]
[Board "53"]
[TimeControl "180+1"]
[WhiteFideId "1054430"]
[BlackFideId "2804344"]
[WhiteElo "2305"]
[BlackElo "2505"]
[WhiteTeam "NED"]
[BlackTeam "ISR"]
[WhiteClock "0:00:01"]
[BlackClock "0:00:08"]

1. e4 c5 2. Nf3 Nc6 3. Nc3 g6 4. d4 cxd4 5. Nxd4 Bg7 6. Be3 Nf6 7. Be2 d6 8. O-O O-O 9. Nb3 a5 10. Bb5 a4 11. Nd2 Ng4 12. Nxa4 Nxe3 13. fxe3 Na7 14. Be2 b5 15. Nc3 Bxc3 16. bxc3 Qb6 17. Rf3 Nc6 18. Rb1 Ne5 19. Rg3 Bd7 20. c4 Rxa2 21. cxb5 Rc8 22. Nb3 Rcxc2 23. Nd4 Rd2 24. Qf1 Ra3 25. Qc1 Raa2 26. Qf1 Be8 27. Bc4 Rab2 28. Bd5 Rxb1 29. Qxb1 e6 30. Ba2 Rd3 31. Bb3 Rc3 32. Bd1 Qc5 33. Qb2 Rc1 34. Qd2 h5 35. Nb3 Qc3 36. Qxc1 Qe1# 0-1

[Event "December 19 Early 2023"]
[Site "https://www.chess.com"]
[Date "2023.12.19"]
[Round "5"]
[White "Gabrielian, Artur"]
[Black "Farahat, Ali"]
[Result "1-0"]
[Board "54"]
[TimeControl "180+1"]
[WhiteFideId "4131002"]
[BlackFideId "10600507"]
[WhiteElo "2441"]
[BlackElo "2254"]
[WhiteTeam "RUS"]
[BlackTeam "USA"]
[WhiteClock "0:00:30"]
[BlackClock "0:00:00"]

1. e4 e5 2. Nf3 Nc6 3. Bc4 Bc5 4. d3 Nf6 5. Bg5 h6 6. Bh4 d6 7. c3 a6 8. a4 Ba7 9. Nbd2 Be6 10. b4 Qd7 11. b5 Ne7 12. Bxf6 gxf6 13. bxa6 bxa6 14. O-O Rg8 15. Kh1 f5 16. exf5 Bxc4 17. Nxc4 Qxf5 18. g3 Ng6 19. Ne3 Qh3 20. Ng1 Qd7 21. d4 exd4 22. cxd4 Kf8 23. Rc1 Re8 24. Qd3 h5 25. Nd5 Qxa4 26. Nf6 Qxd4 27. Qxd4 Bxd4 28. Nxe8 Kxe8 29. Rxc7 Kd8 30. Rfc1 Bc5 31. Rxf7 Ne5 32. Rf5 Nd3 33. Rf1 Kc7 34. Ne2 h4 35. Kg2 Rh8 36. h3 hxg3 37. fxg3 a5 38. Nc3 Rb8 39. h4 Rb3 40. Nd5+ Kc6 41. h5 Rb2+ 42. Kh3 Ne5 43. Ne7+ Kd7 44. Ng6 Nd3 45. h6 Nf2+ 46. R1xf2 Bxf2 47. Rxf2 Rxf2 48. h7 Rf1 49. Kg2 1-0

[Event "December 19 Early 2023"]
[Site "https://www.chess.com"]
[Date "2023.12.19"]
[Round "5"]
[White "Gong, Qianyun"]
[Black "Chan, Yi Ren Daniel"]
[Result "0-1"]
[Board "55"]
[TimeControl "180+1"]
[WhiteFideId "8602425"]
[BlackFideId "5801583"]
[WhiteElo "2157"]
[BlackElo "2375"]
[WhiteTeam "SGP"]
[BlackTeam "SGP"]
[WhiteClock "0:00:37"]
[BlackClock "0:00:25"]

1. e4 c6 2. d4 d5 3. e5 Bf5 4. h4 h5 5. c4 e6 6. Nc3 Nd7 7. cxd5 cxd5 8. Bd3 Bxd3 9. Qxd3 Bb4 10. Ne2 Ne7 11. O-O Nf5 12. Nxd5 exd5 13. Qxf5 Qxh4 14. e6 Nf6 15. exf7+ Kxf7 16. Nf4 Qg4 17. Qe5 Rhe8 18. Qc7+ Re7 19. Qc2 Bd6 20. f3 Qg3 21. Qf5 g6 22. Nxg6 Qh2+ 0-1

[Event "December 19 Early 2023"]
[Site "https://www.chess.com"]
[Date "2023.12.19"]
[Round "5"]
[White "Skvortsov, Andrei"]
[Black "Estrada Nieto, Julian"]
[Result "1-0"]
[Board "56"]
[TimeControl "180+1"]
[WhiteFideId "24108600"]
[BlackFideId "5101018"]
[WhiteElo "2338"]
[BlackElo "2161"]
[WhiteTeam "MNE"]
[BlackTeam "ESP"]
[WhiteClock "0:01:49"]
[BlackClock "0:00:10"]

1. e4 e5 2. d4 exd4 3. Qxd4 Nc6 4. Qd3 Nf6 5. Nc3 Bb4 6. Bd2 O-O 7. O-O-O Re8 8. Nge2 d6 9. Bg5 h6 10. Bxf6 Qxf6 11. Nd5 Qd8 12. Nxb4 Nxb4 13. Qd2 a5 14. Nc3 Be6 15. a3 Nc6 16. f4 Bg4 17. Re1 Bd7 18. Rg1 Qf6 19. Nd5 Qd8 20. g4 Ne7 21. Nc3 Ng6 22. g5 hxg5 23. Rxg5 Bc6 24. Bc4 Qf6 25. Reg1 Qxf4 26. Rxg6 Qxd2+ 27. Kxd2 d5 28. Rxg7+ Kf8 29. Bxd5 Bxd5 30. Nxd5 f6 31. Rg8+ Kf7 32. R1g7+ Ke6 33. Nxc7+ Ke5 34. Rxe8+ 1-0

[Event "December 19 Early 2023"]
[Site "https://www.chess.com"]
[Date "2023.12.19"]
[Round "5"]
[White "Martinez Reyes, Pedro Ramon"]
[Black "Javakhadze, Zurab"]
[Result "1-0"]
[Board "57"]
[TimeControl "180+1"]
[WhiteFideId "3901807"]
[BlackFideId "13603647"]
[WhiteElo "2327"]
[BlackElo "2374"]
[WhiteTeam "VEN"]
[BlackTeam "GEO"]
[WhiteClock "0:00:17"]
[BlackClock "0:00:06"]

1. Nf3 d5 2. g3 Nf6 3. Bg2 c6 4. O-O Bf5 5. d3 h6 6. Nbd2 e6 7. b3 Be7 8. Bb2 O-O 9. Qe1 a5 10. e4 Bh7 11. a3 c5 12. Ne5 a4 13. Qe2 axb3 14. cxb3 Ra6 15. f4 d4 16. g4 Nfd7 17. Nef3 f5 18. h3 Nf6 19. Ne5 Nbd7 20. Rae1 fxe4 21. Nxe4 Nxe5 22. fxe5 Nd5 23. Rxf8+ Qxf8 24. Rf1 Qd8 25. Bc1 Ra8 26. Qf3 Bg6 27. a4 Qb6 28. Qd1 Qc7 29. g5 h5 30. Nf6+ gxf6 31. gxf6 Bf8 32. Qe2 Qf7 33. Bxd5 exd5 34. e6 Qc7 35. Bf4 Bd6 36. f7+ Kg7 37. Bg5 Be5 38. Qf3 Qd6 39. e7 Bxf7 40. Qxf7+ Kh8 41. e8=Q+ Rxe8 42. Qxe8+ Kg7 43. Rf7+ Kg6 44. Rd7+ Kxg5 45. Rxd6 Bxd6 46. Qe6 Bf4 47. Qxd5+ Kh4 48. Qxc5 Kg3 49. Qd5 Be3+ 50. Kf1 b6 51. Qg2+ 1-0

[Event "December 19 Early 2023"]
[Site "https://www.chess.com"]
[Date "2023.12.19"]
[Round "5"]
[White "Iljin, Timofey"]
[Black "Weetik, Vjacheslav"]
[Result "1-0"]
[Board "58"]
[TimeControl "180+1"]
[WhiteFideId "14110180"]
[BlackFideId "4153472"]
[WhiteElo "2380"]
[BlackElo "2469"]
[WhiteTeam "UKR"]
[BlackTeam "RUS"]
[WhiteClock "0:00:06"]
[BlackClock "0:00:04"]

1. e4 c6 2. d4 d5 3. e5 Bf5 4. h4 Qb6 5. g4 Bd7 6. h5 Nh6 7. Be2 e6 8. f4 c5 9. c3 Nc6 10. dxc5 Bxc5 11. Nh3 O-O-O 12. Qb3 d4 13. Qxb6 Bxb6 14. c4 Nb4 15. Kd2 Bc6 16. Re1 d3 17. Bd1 Nxg4 18. Bxg4 Nc2 19. b4 Nxe1 20. Kxe1 Bd4 21. b5 Be8 22. Nd2 Bxa1 23. Ne4 Bd4 24. Ba3 Kb8 25. Nhg5 h6 26. Nf3 Be3 27. Bd6+ Ka8 28. Nfd2 Bxf4 29. Bf3 Rd7 30. Nc5 Rxd6 31. exd6 Bxd6 32. Nxb7 Bg3+ 33. Kd1 Kb8 34. Nb3 Bf2 35. a4 Bd7 36. c5 Bc8 37. Nd6 Rd8 38. Ne4 Be3 39. c6 Kc7 40. a5 a6 41. b6+ Kxc6 42. Nec5+ Kb5 43. b7 Bxb7 44. Nxb7 Rb8 45. Nd6+ Ka4 46. Nd2 Rb2 47. Bc6+ Ka3 48. N2c4+ Ka2 49. Nxb2 Kxb2 50. Nc4+ Kc3 51. Nxe3 Kb4 52. Be8 f5 53. Kd2 f4 54. Nf1 Kxa5 55. Kxd3 Kb4 56. Ke4 a5 57. Kxf4 a4 58. Bxa4 Kxa4 59. Ke5 Kb5 60. Kxe6 Kc6 61. Kf7 Kd7 62. Kxg7 Ke7 63. Ne3 1-0

[Event "December 19 Early 2023"]
[Site "https://www.chess.com"]
[Date "2023.12.19"]
[Round "5"]
[White "Leiva, Gianmarco"]
[Black "Martinez Ramirez, Lennis"]
[Result "1-0"]
[Board "59"]
[TimeControl "180+1"]
[WhiteFideId "3804399"]
[BlackFideId "3509079"]
[WhiteElo "2338"]
[BlackElo "2405"]
[WhiteTeam "PER"]
[BlackTeam "CUB"]
[WhiteClock "0:00:04"]
[BlackClock "0:00:00"]

1. e4 c6 2. d4 d5 3. exd5 cxd5 4. Bd3 Nc6 5. c3 Nf6 6. Nf3 Bg4 7. Bf4 e6 8. Nbd2 Bd6 9. Bxd6 Qxd6 10. O-O O-O-O 11. Re1 Kb8 12. b4 Rc8 13. Nb3 Qf4 14. Qd2 Qxd2 15. Nfxd2 Ne7 16. c4 dxc4 17. Nxc4 Bf5 18. Bxf5 Nxf5 19. Ne5 Rc7 20. Rac1 Rhc8 21. Nc5 Nxd4 22. Rcd1 Nc6 23. Nxc6+ Rxc6 24. a3 b6 25. Nd7+ Nxd7 26. Rxd7 R8c7 27. Rd8+ Kb7 28. h4 h5 29. Re3 Rc3 30. Rxc3 Rxc3 31. Rd7+ Rc7 32. Rd3 Kc6 33. Rg3 g6 34. Rc3+ Kd6 35. Rd3+ Ke5 36. Kh2 Ke4 37. Rd8 e5 38. Kg3 Rc3+ 39. f3+ Kf5 40. Rd7 Rxa3 41. Rxf7+ Ke6 42. Rb7 Ra4 43. b5 Kf6 44. Rc7 g5 45. hxg5+ Kxg5 46. Rg7+ Kf5 47. Rh7 Kg6 48. Re7 h4+ 49. Kh3 Kf5 50. Rf7+ Ke6 51. Rh7 Kd5 52. Rxh4 Ra1 53. Rb4 Rh1+ 54. Kg4 Rd1 55. Rb2 e4 56. fxe4+ Kxe4 57. Ra2 Rd7 58. Rb2 Rg7+ 59. Kh5 Rg3 60. Kh4 Rg8 61. g4 Rh8+ 62. Kg3 Rg8 63. Rb1 Rg7 64. Kh4 Rh7+ 65. Kg5 Rg7+ 66. Kh5 Rg8 67. g5 Kf5 68. Rf1+ Ke6 69. g6 1-0

[Event "December 19 Early 2023"]
[Site "https://www.chess.com"]
[Date "2023.12.19"]
[Round "5"]
[White "Starozhilov, Leonid"]
[Black "Rangel, Daniel"]
[Result "1-0"]
[Board "60"]
[TimeControl "180+1"]
[WhiteFideId "14106752"]
[BlackFideId "2124475"]
[WhiteElo "2246"]
[BlackElo "2267"]
[WhiteTeam "UKR"]
[BlackTeam "BRA"]
[WhiteClock "0:00:02"]
[BlackClock "0:00:00"]

1. e4 c5 2. Nf3 g6 3. c4 Bg7 4. d4 cxd4 5. Nxd4 Nc6 6. Nc2 Nf6 7. Nc3 O-O 8. Be2 d6 9. Be3 Nd7 10. Qd2 Nc5 11. f3 Ne6 12. Rb1 a5 13. O-O Nb4 14. a3 Nxc2 15. Qxc2 Bd7 16. Rfd1 a4 17. Nd5 Bc6 18. Nb4 Qa5 19. Kh1 Nc5 20. Qd2 Nb3 21. Qe1 Rfb8 22. Qf2 Nc5 23. Bd4 Bxd4 24. Qxd4 Qc7 25. Qe3 e5 26. Rbc1 Nb3 27. Rc3 Rd8 28. Rcd3 Nc5 29. R3d2 Nb3 30. Rc2 Nd4 31. Rcc1 Nb3 32. Rb1 Kg7 33. Nc2 Nc5 34. Qf2 Rf8 35. Qg3 f5 36. exf5 Rxf5 37. Ne3 Rf4 38. Nd5 Bxd5 39. Rxd5 Raf8 40. Rbd1 R8f6 41. h3 e4 42. Kh2 Qb6 43. Rxd6 Qxb2 44. R1d2 Qc3 45. R6d5 h5 46. Qg5 exf3 47. Bxf3 Rf7 48. Rd6 R4f6 49. Rxf6 Rxf6 50. Rd5 b6 51. Re5 Rf7 52. Be4 1-0

[Event "December 19 Early 2023"]
[Site "https://www.chess.com"]
[Date "2023.12.19"]
[Round "5"]
[White "Pakleza, Zbigniew"]
[Black "Nilsson, Joakim"]
[Result "1/2-1/2"]
[Board "61"]
[TimeControl "180+1"]
[WhiteFideId "1119290"]
[BlackFideId "1723383"]
[WhiteElo "2410"]
[BlackElo "2143"]
[WhiteTeam "POL"]
[BlackTeam "SWE"]
[WhiteClock "0:00:05"]
[BlackClock "0:00:23"]

1. d4 Nf6 2. Nf3 e6 3. Bf4 d5 4. e3 c5 5. c3 Nc6 6. Nbd2 cxd4 7. cxd4 Nh5 8. Be5 f6 9. Bg3 g6 10. Be2 Ng7 11. Rc1 Be7 12. a3 Bd7 13. h3 Rc8 14. O-O O-O 15. Nb1 Nf5 16. Bh2 Qb6 17. Qd2 Na5 18. Rxc8 Rxc8 19. Nc3 Nd6 20. Bxd6 Bxd6 21. e4 dxe4 22. Nxe4 Be7 23. b4 Nc4 24. Bxc4 Rxc4 25. Nc5 Bc6 26. Re1 Bd5 27. Qe3 Bxc5 28. dxc5 Qc7 29. Nd2 Rc2 30. Ne4 Qe5 31. Nd6 Qxe3 32. Rxe3 b6 33. cxb6 axb6 34. Ne4 Rc1+ 35. Kh2 Kf7 36. Nc3 Bc6 37. Rd3 Rc2 38. Kg3 e5 39. f3 Ke6 40. b5 Bb7 41. a4 f5 42. h4 f4+ 43. Kh3 Bc8 44. Kh2 Bb7 45. Ne4 Bxe4 46. fxe4 Ra2 47. Rd8 Rxa4 48. Rb8 Rxe4 49. Rxb6+ Kf5 50. Rb7 Rb4 51. Rxh7 Rxb5 52. Rf7+ Kg4 53. Rf6 Kh5 54. Kh3 Rb3+ 55. Kh2 Re3 56. Re6 e4 57. Kg1 g5 58. hxg5 Kxg5 59. Re8 Rb3 60. Rxe4 Kf5 61. Rc4 Rb1+ 62. Kh2 Rb2 63. Rc5+ Kg4 64. Rc3 Rf2 65. Ra3 Re2 66. Rb3 Rd2 67. Ra3 Re2 68. Rb3 Rd2 69. Ra3 Re2 1/2-1/2

[Event "December 19 Early 2023"]
[Site "https://www.chess.com"]
[Date "2023.12.19"]
[Round "5"]
[White "Srihari L R"]
[Black "Begunov, Konstantin"]
[Result "1/2-1/2"]
[Board "62"]
[TimeControl "180+1"]
[WhiteFideId "46617116"]
[BlackFideId "4118510"]
[WhiteElo "2338"]
[BlackElo "2082"]
[WhiteTeam "IND"]
[BlackTeam "RUS"]
[WhiteClock "0:00:22"]
[BlackClock "0:00:44"]

1. d4 d5 2. c4 c6 3. Nf3 Nf6 4. Qc2 Bg4 5. Ne5 Bh5 6. Bf4 e6 7. e3 Nbd7 8. Nc3 Nxe5 9. Bxe5 Bd6 10. Bg3 Bg6 11. Bd3 Bxd3 12. Qxd3 O-O 13. O-O a6 14. c5 Bxg3 15. hxg3 e5 16. dxe5 Nd7 17. Qd4 Qe7 18. e4 dxe4 19. Nxe4 Qxe5 20. Qxd7 Qxe4 21. Qxb7 Rfb8 22. Qc7 Rxb2 23. Rad1 g6 24. Rd6 Rxa2 25. Rxc6 Rc2 26. Rf6 Rf8 27. Rxa6 Qc4 28. Raa1 Qxc5 29. Qxc5 Rxc5 30. Ra2 Rf5 31. Re1 h5 32. f3 Kg7 33. Kh2 Rd8 34. Ree2 Rd6 35. Ra7 Rd8 36. Rb7 Rd6 37. Rb8 Rd1 38. Rb4 Rc5 39. g4 h4 40. g5 Rxg5 41. Rxh4 Rf5 42. Kg3 Rd6 43. Kf2 Rdd5 44. Rhe4 Rf6 45. g4 Rd3 46. R2e3 Rxe3 47. Kxe3 g5 48. Re5 Kg6 49. Kf2 Ra6 50. Kg3 f6 51. Re8 Ra2 52. Rg8+ Kf7 53. Rb8 Kg6 54. Rb7 Rc2 55. Rb5 Ra2 56. Rb3 Rc2 57. f4 gxf4+ 58. Kxf4 Rc4+ 59. Kf3 Kg5 60. Rb5+ Kg6 61. Kg3 Ra4 62. Kh4 Ra1 63. Rb6 Rh1+ 64. Kg3 Rg1+ 65. Kf3 Rf1+ 66. Kg3 Rg1+ 67. Kf3 Rf1+ 68. Kg2 Rf4 69. Kg3 Rf1 70. Kg2 Rf4 71. Kg3 Rf1 72. Ra6 Rg1+ 73. Kf3 Rf1+ 74. Kg3 Rg1+ 75. Kf3 Rf1+ 76. Kg3 1/2-1/2

[Event "December 19 Early 2023"]
[Site "https://www.chess.com"]
[Date "2023.12.19"]
[Round "5"]
[White "Pak, Yevgeniy"]
[Black "Durucay, Uygar"]
[Result "1-0"]
[Board "63"]
[TimeControl "180+1"]
[WhiteFideId "14201712"]
[BlackFideId "44591560"]
[WhiteElo "2320"]
[BlackElo "1913"]
[WhiteTeam "KAZ"]
[BlackTeam "TUR"]
[WhiteClock "0:00:59"]
[BlackClock "0:00:14"]

1. e4 c6 2. Nc3 d5 3. Qf3 dxe4 4. Nxe4 Nf6 5. Bc4 e6 6. Ne2 Be7 7. d4 O-O 8. O-O Nbd7 9. Nxf6+ Nxf6 10. Bf4 Nd5 11. Be5 b5 12. Bd3 Bb7 13. Rfe1 Bf6 14. Ng3 g6 15. Ne4 Bg7 16. Bxg7 Kxg7 17. Nc5 Qe7 18. c3 Rab8 19. a4 a6 20. a5 Rfd8 21. Qg3 Qd6 22. Qh4 Nf4 23. Be4 Nd5 24. Nxb7 Rxb7 25. Qg3 Qxg3 26. hxg3 Rbd7 27. Kf1 Rd6 28. Bxd5 Rxd5 29. b4 Kf6 30. Ke2 e5 31. dxe5+ Rxe5+ 32. Kf1 Rd3 33. Rac1 Rxe1+ 34. Kxe1 Ke5 35. Ke2 Rd8 36. Ke3 Re8 37. Rd1 Re7 38. g4 f5 39. g5 Re6 40. f4# 1-0

[Event "December 19 Early 2023"]
[Site "https://www.chess.com"]
[Date "2023.12.19"]
[Round "5"]
[White "Kokoszczynski, Jan"]
[Black "Deac, Bogdan-Daniel"]
[Result "1-0"]
[Board "64"]
[TimeControl "180+1"]
[WhiteFideId "1174460"]
[BlackFideId "1226380"]
[WhiteElo "2266"]
[BlackElo "2641"]
[WhiteTeam "POL"]
[BlackTeam "ROU"]
[WhiteClock "0:00:06"]
[BlackClock "0:00:00"]

1. e4 c6 2. d4 d5 3. exd5 cxd5 4. Bd3 Nf6 5. c3 Bg4 6. Qb3 Qc7 7. Nd2 e6 8. Ngf3 Bd6 9. h3 Bh5 10. O-O Nbd7 11. Re1 O-O 12. a4 a6 13. c4 dxc4 14. Bxc4 Rac8 15. Bd3 Rfd8 16. Ng5 Qb6 17. Qxb6 Nxb6 18. Nde4 Bb4 19. Re3 Nbd5 20. Rg3 Bg6 21. Nxf6+ gxf6 22. Bxg6 hxg6 23. Ne4 f5 24. Ng5 Rc2 25. Nf3 Rdc8 26. Bg5 Bd6 27. Ne5 Kh7 28. Rb3 b6 29. g3 f6 30. Nf7 Be7 31. Bf4 R2c6 32. Re1 Kg7 33. Nh6 Nxf4 34. gxf4 Kxh6 35. Rbe3 Rc1 36. Kg2 Rxe1 37. Rxe1 Rc6 38. d5 Rd6 39. dxe6 g5 40. Kf3 Kg6 41. Re2 Rd3+ 42. Kg2 Rd4 43. Rc2 Re4 44. Rc6 1-0

[Event "December 19 Early 2023"]
[Site "https://www.chess.com"]
[Date "2023.12.19"]
[Round "5"]
[White "Kavyev, Ruslan"]
[Black "Abasov, Nijat"]
[Result "1-0"]
[Board "65"]
[TimeControl "180+1"]
[WhiteFideId "34110981"]
[BlackFideId "13402960"]
[WhiteElo "2336"]
[BlackElo "2561"]
[WhiteTeam "RUS"]
[BlackTeam "AZE"]
[WhiteClock "0:00:19"]
[BlackClock "0:00:01"]

1. d4 Nf6 2. c4 e6 3. g3 d5 4. Bg2 dxc4 5. Nf3 Bb4+ 6. Nbd2 O-O 7. Qc2 b5 8. a4 c6 9. axb5 cxb5 10. Ng5 h6 11. h4 g6 12. Nxf7 Kxf7 13. Bxa8 a5 14. e3 a4 15. Bf3 h5 16. O-O Qb6 17. Ne4 Nbd7 18. Ng5+ Kg7 19. e4 Nh7 20. Nxh7 Rxf3 21. Ng5 Rf8 22. Be3 Qd6 23. d5 Ne5 24. Rad1 Nd3 25. Rxd3 cxd3 26. Qxd3 Bd7 27. e5 Qxd5 28. Qxd5 exd5 29. e6 Bc8 30. Bd4+ Kh6 31. Rc1 Ba5 32. e7 Re8 33. Nf7+ Kh7 34. Nd6 Rxe7 35. Rxc8 g5 36. hxg5 Bb4 37. Nf5 Re1+ 38. Kg2 Kg6 39. Nh4+ 1-0

[Event "December 19 Early 2023"]
[Site "https://www.chess.com"]
[Date "2023.12.19"]
[Round "5"]
[White "Vlassov, Nikolai"]
[Black "Jumabayev, Rinat"]
[Result "1-0"]
[Board "66"]
[TimeControl "180+1"]
[WhiteFideId "4103360"]
[BlackFideId "13702661"]
[WhiteElo "2351"]
[BlackElo "2561"]
[WhiteTeam "FID"]
[BlackTeam "KAZ"]
[WhiteClock "0:01:34"]
[BlackClock "0:00:00"]

1. e4 e6 2. d4 d5 3. e5 c5 4. c3 Qb6 5. Nf3 Bd7 6. a3 cxd4 7. cxd4 Bb5 8. Bxb5+ Qxb5 9. Nc3 Qb6 10. O-O Nc6 11. b4 Nge7 12. Be3 Nf5 13. Na4 Qd8 14. Rc1 Rc8 15. Nc5 Bxc5 16. Rxc5 O-O 17. Qa4 Qd7 18. Rfc1 Nxe3 19. fxe3 Nxe5 20. Qxd7 Rxc5 21. Nxe5 Rxc1+ 22. Kf2 Rc2+ 23. Kf3 Ra2 24. a4 Rb2 25. b5 Rb4 26. a5 Ra4 27. Qxb7 Rxa5 28. Nc6 Ra3 29. Nxa7 h5 30. b6 f5 31. Nb5 Rb3 32. Nc7 Rf6 33. Qc8+ Kh7 34. b7 f4 35. b8=Q fxe3+ 36. Ke2 Rf2+ 37. Ke1 Rc3 38. Nxe6 1-0

[Event "December 19 Early 2023"]
[Site "https://www.chess.com"]
[Date "2023.12.19"]
[Round "5"]
[White "Novoselov, Roman"]
[Black "Materia, Marco"]
[Result "0-1"]
[Board "67"]
[TimeControl "180+1"]
[WhiteFideId "4135067"]
[BlackFideId "45150451"]
[WhiteElo "2250"]
[BlackElo "2451"]
[WhiteTeam "RUS"]
[BlackTeam "FRA"]
[WhiteClock "0:00:00"]
[BlackClock "0:00:21"]

1. d4 Nf6 2. Bg5 e6 3. e4 h6 4. Bxf6 Qxf6 5. Nf3 d6 6. Bd3 Nd7 7. Nc3 Be7 8. Qe2 O-O 9. e5 dxe5 10. Ne4 Qg6 11. dxe5 Qxg2 12. O-O-O Qg4 13. Kb1 Qf4 14. Ng3 Nc5 15. Nh5 Qb4 16. Rhg1 g6 17. c3 Qb6 18. Qc2 Nxd3 19. Qxd3 Kh7 20. Nf4 Qa6 21. Qc2 Rg8 22. h4 Kh8 23. Nxg6+ fxg6 24. Rxg6 Bf8 25. Rdg1 Bg7 26. Qd2 Kh7 27. Qc2 Kh8 28. Qd2 Kh7 29. h5 Qc6 30. Qd3 Kh8 31. Nh4 Qd5 32. Qc2 Bd7 0-1